 Dungeon Crawl Stone Soup version 0.13.0-9-gbc74161 (webtiles) character file.

11873 HungrySpirit the Cloud Mage (level 11, 0/59 HPs)
             Began as a Tengu Air Elementalist on Oct 17, 2013.
             Was the Champion of Sif Muna.
             Slain by a porcupine (2 damage)
             ... on Level 1 of the Lair of Beasts.
             The game lasted 01:10:55 (14166 turns).

HungrySpirit the Cloud Mage (TeAE)                 Turns: 14166, Time: 01:10:56

HP   0/59        AC  7     Str  9      XL: 11   Next: 77%
MP  22/54        EV 11     Int 18      God: Sif Muna [******]
Gold 477         SH  0     Dex 15      Spells:  6 memorised, 16 levels left

Res.Fire  : . . .   See Invis. : .   A - staff of power
Res.Cold  : . . .   Warding    : .   l - +0 mottled dragon armour
Life Prot.: . . .   Conserve   : .   (no shield)
Res.Poison: .       Res.Corr.  : .   v - +1 wizard hat
Res.Elec. : .       Clarity    : .   (no cloak)
Sust.Abil.: . .     Spirit.Shd : .   (no gloves)
Res.Mut.  : .       Stasis     : .   (boots unavailable)
Res.Rott. : .       Flight     : .   t - amulet of faith
Saprovore : . . .                    (no ring)
                                     E - ring of magical power

@: somewhat resistant to hostile enchantments, fairly stealthy
A: able to fly, beak, talons 3
a: Fly, Channel Energy, Forget Spell, Renounce Religion


You were on level 1 of the Lair of Beasts.
You worshipped Sif Muna.
Sif Muna was exalted by your worship.
You were near starving.

You visited 2 branches of the dungeon, and saw 11 of its levels.
You also visited: Sewer.

You collected 457 gold pieces.

Inventory:

Hand weapons
 f - a +2,+2 hand axe of returning (quivered)
Armour
 l - a +0 mottled dragon armour (worn)
 v - a +1 wizard hat (worn)
Magical devices
 u - a wand of cold (3)
 w - a wand of hasting (2)
Comestibles
 c - 3 bread rations
 n - 2 meat rations
 x - 2 rotting chunks of giant frog flesh
 B - 4 rotting chunks of yak flesh
Scrolls
 e - a scroll of amnesia
 g - 6 scrolls of remove curse
 p - a scroll of enchant weapon II
 r - a scroll of enchant armour
 F - 2 scrolls of recharging
Jewellery
 a - an uncursed amulet of resist mutation {unknown}
 t - an amulet of faith (around neck)
 E - a ring of magical power (left hand)
Potions
 d - 2 potions of curing
 h - 2 potions of slowing {unknown}
 i - 2 potions of mutation {unknown}
 k - a potion of paralysis {unknown}
 m - a potion of might {unknown}
 q - 3 potions of berserk rage
 z - 3 potions of poison {unknown}
 C - a potion of cure mutation {unknown}
 D - a potion of agility {unknown}
 H - a potion of degeneration {unknown}
Books
 b - a book of Air

   Spells                             Type                      Level
   *Shock                             Conjuration/Air              1
   *Swiftness                         Charms/Air                   2
   *Repel Missiles                    Charms/Air                   2
   Flight                             Charms/Air                   3
   *Static Discharge                  Conjuration/Air              3
   *Lightning Bolt                    Conjuration/Air              5
Magical staves
 o - an uncursed staff of wizardry
 A - an uncursed staff of power (weapon)


   Skills:
 - Level 5.0 Fighting
 - Level 2.1 Dodging
 - Level 2.0 Stealth
 - Level 11.0 Spellcasting
 + Level 11.9 Conjurations
 + Level 12.1 Air Magic


You had 16 spell levels left.
You knew the following spells:

 Your Spells              Type           Power        Failure   Level  Hunger
a - Shock                 Conj/Air       ####         1%          1    None
b - Static Discharge      Conj/Air       ######..     1%          3    None
c - Lightning Bolt        Conj/Air       ######....   1%          5    ####...
d - Repel Missiles        Chrm/Air       ####......   1%          2    None
e - Regeneration          Chrm/Necr      #.........   24%         3    None
q - Swiftness             Chrm/Air       ####......   1%          2    None


Dungeon Overview and Level Annotations

Branches:
Dungeon (10/27)            Temple (0/1) D:7             Orc (0/4) D:6
   Lair (1/8) D:10

Altars:
Cheibriados
Fedhas
Sif Muna
Xom

Annotations:
D:5 Grinder, Pikel
D:10 Erica


Innate Abilities, Weirdness & Mutations

You can fly.
You have a beak for a mouth.
You have claws for feet.


Message History

The porcupine misses you.
You are struck by the porcupine's spines.
* * * LOW HITPOINT WARNING * * *
You closely miss the porcupine. Your kick misses the porcupine.
You are engulfed in a cloud of scalding steam.
The porcupine is engulfed in a cloud of scalding steam.
The porcupine bites you but does no damage.
The porcupine twitches its whiskers.
The porcupine bites you but does no damage.
Really walk into that cloud of steam?
You are engulfed in a cloud of scalding steam.
You feel a bit more experienced.
You are near starving!
The porcupine bites you but does no damage.
The porcupine is engulfed in a cloud of scalding steam.
The fungus is engulfed in a cloud of scalding steam.
There is a staircase back to the Dungeon here.
The fungus is engulfed in a cloud of scalding steam.
The porcupine bites you.
You die...

..........♣♣§§♣♣.♣..
..#.......♣♣§%.♣♣♣....
...........§≈§§§§.....
........§§.§§.§......#
##.........§.§.§######
#........##f.§..#
###......<.....§#
##......r§§.(##
##.....#@§...#
#...........#
#.#f.....#§.##
####..##......
#..........#
#..........# ... ....
.. ....... ...


You could see a porcupine.

Vanquished Creatures
  Fannar (D:10)
  A hill giant (D:8)
  A black mamba (Lair:1)
  A cyclops (D:10)
  A spiny frog (Lair:1)
  2 trolls (D:10)
  A boulder beetle (D:7)
  A trapdoor spider zombie (D:9)
  A wraith (D:10)
  2 wyverns
  2 hippogriffs
  12 yaks
  A steam dragon (D:7)
  A manticore (D:10)
  2 phantoms
  3 ogres
  A yellow wasp (D:8)
  4 ice beasts
  6 orc warriors
  A porcupine (Lair:1)
  Purgy (Sewer)
  A sky beast (D:9)
  A black bear (D:9)
  5 centaurs
  A warg (D:10)
  A big kobold (D:9)
  A komodo dragon skeleton (D:8)
  2 agate snails (D:10)
  3 giant frogs (D:10)
  A wyvern skeleton (D:7)
  2 manticore skeletons
  9 killer bees
  A quasit (D:7)
  4 hounds
  3 wights (D:9)
  4 goliath beetles
  8 orc priests
  12 orc wizards
  8 crimson imps
  7 iguanas
  6 worker ants
  2 scorpions
  An ogre zombie (D:10)
  A crocodile skeleton (D:7)
  A hound skeleton (D:7)
  2 hound zombies
  A steam dragon zombie (D:7)
  4 gnolls (D:6)
  2 green rats (D:4)
  19 adders
  An inept feature mimic (D:3)
  6 worms
  An inept item mimic (D:6)
  6 giant mites
  A grey rat (D:4)
  9 giant geckos
  An ooze (D:3)
  46 orcs
  A bat zombie (D:6)
  5 giant cockroaches
  9 goblins
  15 hobgoblins
  10 jackals
  4 quokkas
  4 ball pythons
  17 bats
  6 giant newts
  A giant spore (D:8)
  A goblin zombie (D:5)
  2 hobgoblin skeletons (D:6)
  20 kobolds
  A kobold zombie (D:5)
  A quokka zombie (D:8)
  22 rats
  2 rat skeletons (D:5)
  4 ballistomycetes (D:8)
355 creatures vanquished.

Vanquished Creatures (others)
  A troll (D:8)
  An orc warrior (D:6)
  An adder (D:7)
  2 orcs (D:6)
5 creatures vanquished.

Grand Total: 360 creatures vanquished

Notes
Turn   | Place    | Note
--------------------------------------------------------------
     0 | D:1      | HungrySpirit, the Tengu Air Elementalist, began the quest for the Orb.
     0 | D:1      | Reached XP level 1. HP: 10/10 MP: 3/3
   583 | D:1      | Reached XP level 2. HP: 15/15 MP: 0/5
  1293 | D:2      | Reached XP level 3. HP: 15/19 MP: 1/7
  1883 | D:3      | Reached XP level 4. HP: 24/24 MP: 2/9
  2698 | D:4      | Noticed a phantom
  2709 | D:3      | Reached XP level 5. HP: 12/28 MP: 5/13
  3278 | D:4      | Killed a phantom
  3278 | D:4      | Reached XP level 6. HP: 24/32 MP: 0/16
  3369 | D:4      | Found a deep blue altar of Sif Muna.
  3369 | D:4      | Found a shimmering altar of Xom.
  3372 | D:4      | Found a blossoming altar of Fedhas.
  3382 | D:4      | Became a worshipper of Sif Muna the Loreminder
  3522 | D:4      | Found a glowing drain.
  3617 | D:4      | Learned a level 3 spell: Static Discharge
  3623 | D:4      | Learned a level 5 spell: Lightning Bolt
  3630 | Sewer    | Entered a sewer
  3636 | Sewer    | Reached skill level 5 in Conjurations
  3665 | Sewer    | Noticed Purgy
  3681 | Sewer    | Killed Purgy
  3681 | Sewer    | Reached skill level 5 in Spellcasting
  3788 | D:5      | Entered Level 5 of the Dungeon
  3911 | D:5      | Noticed Pikel
  3997 | D:4      | Reached XP level 7. HP: 30/36 MP: 18/18
  4035 | D:5      | Noticed Grinder
  4114 | D:5      | Acquired Sif Muna's first power
  4114 | D:5      | Reached skill level 6 in Conjurations
  4446 | D:5      | Noticed a hippogriff
  4461 | D:5      | Killed a hippogriff
  4461 | D:5      | Reached skill level 5 in Air Magic
  4673 | D:5      | Reached skill level 7 in Conjurations
  4929 | D:6      | Reached skill level 1 in Fighting
  4937 | D:6      | Reached XP level 8. HP: 40/42 MP: 21/21
  5154 | D:6      | Paralysed by you for 2 turns
  5415 | D:6      | Acquired Sif Muna's second power
  5853 | D:5      | Learned a level 2 spell: Repel Missiles
  5876 | D:6      | Paralysed by an orc for 6 turns
  6357 | D:6      | Reached XP level 9. HP: 15/48 MP: 19/24
  6656 | D:6      | Reached skill level 8 in Spellcasting
  6780 | D:6      | Found a staircase to the Orcish Mines.
  6973 | D:7      | Found a blossoming altar of Fedhas.
  7254 | D:7      | Found a snail-covered altar of Cheibriados.
  7625 | D:7      | Reached skill level 9 in Spellcasting
  7817 | D:7      | Found a staircase to the Ecumenical Temple.
  8109 | D:7      | HP: 1/48 [centaur/arrow (5)]
  9000 | D:7      | Acquired Sif Muna's third power
  9000 | D:7      | Reached skill level 5 in Fighting
  9000 | D:7      | Reached XP level 10. HP: 39/55 MP: 4/27
  9252 | D:8      | Noticed a flayed ghost
  9415 | D:8      | Noticed a hill giant
 10553 | D:8      | Killed a hill giant
 10764 | D:8      | Reached skill level 10 in Spellcasting
 11972 | D:9      | Reached skill level 11 in Spellcasting
 12041 | D:9      | Got a steaming tin amulet
 12094 | D:9      | Identified the amulet of Happiness {Faith Str+2 Int+4} (You took it off an orc on level 9 of the Dungeon)
 12209 | D:9      | Learned a level 3 spell: Regeneration
 12408 | D:9      | Reached XP level 11. HP: 59/59 MP: 30/30
 12436 | D:9      | Received a gift from Sif Muna
 12439 | D:9      | Identified Cirilahy's Almanac of Flight and Arcane Weapons (Sif Muna gifted it to you on level 9 of the Dungeon)
 12443 | D:9      | Learned a level 2 spell: Swiftness
 12513 | D:10     | Entered Level 10 of the Dungeon
 12641 | D:10     | Found a staircase to the Lair.
 12658 | D:10     | Reached skill level 10 in Air Magic
 12776 | D:10     | Reached skill level 10 in Conjurations
 12785 | D:10     | Noticed Fannar
 12865 | D:10     | Killed Fannar
 14090 | D:10     | Noticed Erica
 14134 | Lair:1   | Entered Level 1 of the Lair of Beasts
 14150 | Lair:1   | Received a gift from Sif Muna
 14156 | Lair:1   | Reached skill level 12 in Air Magic
 14157 | Lair:1   | HP: 1/59 [porcupine's spines (7)]
 14166 | Lair:1   | Slain by a porcupine

Action                   |  1- 3 |  4- 6 |  7- 9 | 10-12 || total
-------------------------+-------+-------+-------+-------++-------
Melee: Hand axe          |    23 |    34 |       |       ||    57
       Staff             |       |    11 |    37 |    21 ||    69
 Cast: Shock             |    80 |   158 |   399 |   381 ||  1018
       Static Discharge  |       |       |    21 |    75 ||    96
       Lightning Bolt    |       |       |    20 |    46 ||    66
       Repel Missiles    |       |       |     4 |     2 ||     6
       Swiftness         |       |       |       |     7 ||     7
       Regeneration      |       |       |       |     1 ||     1
Invok: Channel Energy    |       |       |     2 |       ||     2
Evoke: Wand              |       |     2 |     5 |     5 ||    12
  Use: Scroll            |       |       |    18 |     3 ||    21
       Potion            |       |       |     4 |     3 ||     7
